 Seeded DCSS version 0.30-a0-137-gd8773701ce (webtiles) character file.

Game seed: 1122199492344515696 (custom seed)

139 valliere the Stinger (level 5, -1/31 HPs)
             Began as an Octopode Venom Mage on Sept 22, 2022.
             Slain by an ufetubus (2 damage)
             ... on level 6 of the Dungeon.
             The game lasted 00:03:31 (2680 turns).

valliere the Stinger (Octopode Venom Mage)          Turns: 2680, Time: 00:03:32

Health: -1/31      AC:  1    Str:  7    XL:     5   Next: 22%
Magic:  3/8        EV: 13    Int: 20    God:
Gold:   85         SH:  0    Dex: 12    Spells: 8/9 levels left

rFire   . . .      SeeInvis .    (no weapon)
rCold   . . .      Faith    .    (no shield)
rNeg    . . .      Spirit   .    (helmet restricted)
rPois   .          Reflect  .    (no amulet)
rElec   .          Harm     .    (no ring)
rCorr   .          Rampage  .    (no ring)
Will    .....                    (no ring)
Stlth   +++.......               (no ring)
HPRegen 0.10/turn                (no ring)
MPRegen 0.11/turn                (no ring)
                                 (no ring)
                                 (no ring)

@: brilliant
A: almost no armour, amphibious, 8 rings, camouflage 1, gelatinous body 1,
(nimble swimmer 1), tentacles
a: no special abilities


You were on level 6 of the Dungeon.
You visited 1 branch of the dungeon, and saw 6 of its levels.

You collected 85 gold pieces.

Inventory:

Jewellery
 d - an amulet of regeneration
Scrolls
 b - 2 scrolls of enchant armour {unknown}
 f - 3 scrolls of identify {unknown}
 g - a scroll of fear {unknown}
 h - a scroll of vulnerability {unknown}
 i - a scroll of butterflies {unknown}
Potions
 a - a potion of magic
 c - a potion of brilliance
 e - 4 potions of heal wounds {unknown}


   Skills:
 + Level 2.7 Dodging
 * Level 4.2 Stealth
 + Level 2.6 Spellcasting
 + Level 2.1 Transmutations
 * Level 4.8 Poison Magic


You had 8 spell levels left.
You knew the following spells:

 Your Spells              Type           Power      Damage    Failure   Level
a - Sting                 Tmut/Pois      96%        1d7       3%          1

Your spell library contained the following spells:

 Spells                   Type           Power      Damage    Failure   Level
 Poisonous Vapours        Pois/Air       36%        N/A       9%          2
 Cigotuvi's Dreadful Rot  Necr/Pois/Air  26%        N/A       12%         2
 Shock                    Conj/Air       12%        1d3       16%         1
 Olgreb's Toxic Radiance  Pois           32%        N/A       21%         4
 Mephitic Cloud           Conj/Pois/Air  13%        N/A       22%         3
 Gell's Gravitas          Tloc           3%         N/A       41%         3
 Lesser Beckoning         Tloc           3%         N/A       41%         3
 Swiftness                Air            3%         N/A       41%         3
 Teleport Other           Tloc           3%         N/A       41%         3
 Airstrike                Air            1%         2d(1-17)  83%         4
 Dispel Undead            Necr           3%         3d7       83%         4
 Death Channel            Necr           1%         N/A       100%        6


Dungeon Overview and Level Annotations

Branches:
Dungeon (6/15)
 Temple: D:4-7

Altars:
Nemelex Xobeh

Shops:
D:2 (   D:5 (=


Innate Abilities, Weirdness & Mutations

You cannot wear most types of armour.
You are amphibious.
You can wear up to eight rings at the same time.
Your skin changes colour to match your surroundings (Stealth+).
Your rubbery body absorbs attacks. (AC +1, EV +1)
((You are camouflaged when in or above water. (Stealth+)))
You have tentacles for arms and can constrict up to eight enemies at once.


Message History

There is an entrance to an ossuary on this level.
Hurry and find it before the portal is buried!
Found a mace, a red potion and 24 gold pieces.
There is a stone staircase leading up here.
Found a leather armour.
Found a rapier.
An ufetubus comes into view.
A water moccasin comes into view.
The ufetubus shouts!
The sting hits the water moccasin but does no damage.
The water moccasin is poisoned.
The sting misses the water moccasin.
The sting misses the ufetubus.
The water moccasin closely misses you.
The sting hits the water moccasin but does no damage.
The water moccasin looks even sicker.
The water moccasin is lightly wounded.
The ufetubus hits you. The ufetubus barely misses you.
The water moccasin bites you!
The sting hits the water moccasin but does no damage.
The water moccasin looks even sicker.
The water moccasin is lightly wounded.
The ufetubus closely misses you. x2; The water moccasin closely misses you.
The ufetubus barely misses you. The ufetubus hits you.
Casting: Sting (safe; 3% risk of failure)
Confirm with . or Enter, or press ? or * to list all spells.
Aiming: Sting (safe; 3% risk of failure)
Press: ? - help, Shift-Dir - straight line, f/p - water moccasin
Aim: a water moccasin (lightly wounded, very poisoned, 57% to hit)
The sting hits the water moccasin.
The water moccasin looks as sick as possible!
The water moccasin is moderately wounded.
The water moccasin closely misses you. The ufetubus hits you. x2
The water moccasin bites you!
* * * LOW HITPOINT WARNING * * *
The ufetubus hits you.
* * * LOW HITPOINT WARNING * * *
The ufetubus barely misses you.
It was a potion of brilliance.
You feel clever all of a sudden. The ufetubus hits you.
You die...

#. .#... #. #...
.####.##..#
#..........# .#
#.......##.# ..#
#.....#....#....#
#......#S.......).
#....#.#5##.......
#.. #...@.........
###..##........###..
...........$[.# #
#.#....!.....#
#...............
##..#............
#...<............
.)..................
....................


You could see a water moccasin (extremely poisoned) and an ufetubus.

Vanquished Creatures
  A scorpion (D:4)
  2 adders (D:2)
  A worm (D:2)
  3 dart slugs (D:2)
  An orc (D:3)
  3 ball pythons
  5 endoplasms
  A giant cockroach (D:1)
  7 goblins
  2 hobgoblins (D:1)
  8 jackals
  2 quokkas
  6 bats
  2 kobolds
  A rat (D:2)
45 creatures vanquished.

Notes
Turn   | Place    | Note
-------+----------+-------------------------------------------
     0 | D:1      | valliere the Octopode Venom Mage began the quest for the
                  | Orb.
     0 | D:1      | Reached XP level 1. HP: 11/11 MP: 3/3
   467 | D:1      | Reached XP level 2. HP: 17/17 MP: 0/5
   765 | D:1      | Found a faded altar of an unknown god.
  1146 | D:1      | Reached XP level 3. HP: 21/21 MP: 4/6
  2185 | D:2      | Reached XP level 4. HP: 27/27 MP: 4/7
  2372 | D:2      | Found Gelocef's Weapon Emporium.
  2496 | D:3      | Found a sparkling altar of Nemelex Xobeh.
  2509 | D:4      | Identified the +3 long sword "Paucuab" {vorpal, Contam
                  | rElec rCorr}
  2510 | D:4      | Noticed a scorpion
  2518 | D:4      | Killed a scorpion
  2519 | D:4      | Reached XP level 5. HP: 23/31 MP: 2/8
  2651 | D:5      | Entered Level 5 of the Dungeon
  2651 | D:5      | Found Vijot's Jewellery Shop.
  2652 | D:5      | Found Mootiom's Weapon Boutique.
  2668 | D:6      | Noticed a water moccasin
  2679 | D:6      | HP: 1/31 [ufetubus (2)]
  2680 | D:6      | Slain by an ufetubus

Illustrated notes

Levels and vault maps discovered:
D:1:      doesnt_arrival_eight_statues, layout_loops_corners,
          hellmonk_ecumenical_altar_crossroads
D:2:      layout_basic, serial_shops, shop, kennysheep_flooded_box,
          kennysheep_big_empty_room
D:3:      layout_basic, nemelex_xobeh_ov_fountains_minmay, uniq_ijyb,
          uniq_jessica
D:4:      layout_basic
D:5:      layout_rooms, okawaru_trees_1, serial_shops, shop, shop,
          nicolae_stop_n_shop_1, nicolae_shop_stone,
          ebering_ghost_reflecting_pool
D:6:      layout_rooms, minmay_temple_entry_mini_moons, enter_ossuary_3

Skill      XL: |  1  2  3  4 |
---------------+-------------+-----
Poison Magic   | 4 |  4.8
Stealth        | 3 4 |  4.2
Transmutations | 2 |  2.1
Dodging        | |  2.7
Spellcasting   | |  2.6

Action                   |  1- 3 |  4- 6 || total
-------------------------+-------+-------++-------
Melee: Unarmed           |    34 |     4 ||    38
       Tentacles         |     9 |       ||     9
       Constrict         |     9 |       ||     9
 Cast: Sting             |    59 |    22 ||    81
  Use: Potion            |       |     1 ||     1
Armor: Skin              |     4 |     3 ||     7
Dodge: Dodged            |    29 |    12 ||    41

Table legend: (Time is in decaauts)
 A = Elapsed time spent in this place.
 B = Non-inter-level travel time spent in this place.
 C = Inter-level travel time spent in this place.
 D = Time resting spent in this place.
 E = Time spent auto-exploring this place.
 F = Levels seen in this place.
 G = Mean time per level.
                   A        B        C        D        E       F      G
               +--------+--------+--------+--------+--------+-----+--------+
         Total |   2678 |   2659 |     19 |    119 |   2202 |   6 |  446.3 |
       Dungeon |   2678 |   2659 |     19 |    119 |   2202 |   6 |  446.3 |
               +--------+--------+--------+--------+--------+-----+--------+

Top non-repeatable levels by time:
     D:1: 1560 daAuts
     D:2: 814 daAuts
     D:4: 143 daAuts
     D:3: 131 daAuts
     D:6: 22 daAuts
     D:5: 5 daAuts
